 Dungeon Crawl Stone Soup version 0.22-a0-614-g34fbaa0 (webtiles) character file.

66 royokou the Firebug (level 3, -1/26 HPs)
             Began as a Draconian Fire Elementalist on July 17, 2018.
             Killed from afar by an orc wizard (11 damage)
             ... with a magic dart
             ... on level 3 of the Dungeon.
             The game lasted 00:14:34 (1806 turns).

royokou the Firebug (Draconian Fire Elementalist)   Turns: 1806, Time: 00:14:35

Health: -1/26      AC:  5    Str: 10    XL:     3   Next: 96%
Magic:  4/6        EV: 12    Int: 16    God:
Gold:   14         SH:  0    Dex: 11    Spells: 3/7 levels left

rFire    . . .     SeeInvis .   h - +0 dagger
rCold    . . .     Gourm    .   (no shield)
rNeg     . . .     Faith    .   (armour unavailable)
rPois    .         Spirit   .   (helmet restricted)
rElec    .         Reflect  .   (no cloak)
rCorr    .         Harm     .   (no gloves)
MR       .....                  (no boots)
Stlth    ++........             g - amulet of rage
HPRegen  0.08/turn              (no ring)
MPRegen  0.10/turn              (no ring)

@: no status effects
A: unfitting armour, cold-blooded, AC +5
a: Evoke Berserk Rage


You were on level 3 of the Dungeon.
You were not hungry.

You visited 1 branch of the dungeon, and saw 3 of its levels.

You collected 14 gold pieces.

Inventory:

Hand Weapons
 h - a +0 dagger (weapon)
Jewellery
 g - an amulet of rage (around neck)
Scrolls
 a - 3 scrolls of remove curse {unknown}
 e - 6 scrolls of identify {unknown}
 f - a scroll of enchant weapon {unknown}
 i - 2 scrolls of amnesia {unknown}
 j - a scroll of teleportation {unknown}
 k - a scroll of enchant armour {unknown}
Potions
 c - a potion of might {unknown}
 d - a potion of curing {unknown}
 m - 2 potions of mutation {unknown}
Comestibles
 b - a ration
 l - 2 chunks of flesh


   Skills:
 - Level 1.7 Dodging
 - Level 1.7 Stealth
 + Level 2.5 Spellcasting
 * Level 2.8 Conjurations
 + Level 3.5 Fire Magic


You had 3 spell levels left.
You knew the following spells:

 Your Spells              Type           Power        Failure   Level  Hunger
a - Flame Tongue          Conj/Fire      ##...        5%          1    #......
b - Conjure Flame         Conj/Fire      ##......     16%         3    ###....

Your spell library contained the following spells:

 Spells                   Type           Power        Failure   Level  Hunger
 Fireball                 Conj/Fire      ##........   82%         5    ######.
 Throw Flame              Conj/Fire      ##....       8%          2    ##.....
 Sticky Flame             Conj/Fire      ##......     45%         4    #####..
 Inner Flame              Hex/Fire       #.......     28%         3    ###....


Dungeon Overview and Level Annotations

Branches:
Dungeon (3/15)

Altars:
Makhleb
Vehumet
Wu Jian

Annotations:
D:2 Terence


Innate Abilities, Weirdness & Mutations

Your plain brown scales are hard. (AC +5)
You cannot fit into any form of body armour.
You are cold-blooded and may be slowed by cold attacks.


Message History

The magic dart hits you!
An orc comes into view. It is wielding a war axe.
The orc shouts! x2
The orc wizard gestures wildly while chanting.
The orc wizard seems to speed up.
Casting: Flame Tongue (safe; 5% risk of failure)
Confirm with . or Enter, or press ? or * to list all spells.
Aiming: Conjure Flame (safe; 16% risk of failure)
Press: ? - help, Dir - move target cursor The fire ignites!
Some of the chunks of flesh in your inventory have rotted away.
The orc wizard casts a spell.
The orc wizard blinks!
The orc wizard points at you and mumbles some strange words.
The magic dart hits you! The orc wizard casts a spell at you.
The magic dart hits you!
The orc wizard gestures at you while chanting.
The magic dart hits you!
You die...

#######........
#........
#.###....
#####'#......
#.......######
#............# .#
#......).....#..#
#####..(.....#..#
#....@.......
#........####
#........#
#........# #
#...o...##### #.
#.#'#........ #.
#.#.#.####### #..
#.#.#.#########.#.
#..
#....o#.[.........
#..


You could see an orc wizard.

Vanquished Creatures
  2 adders (D:3)
  An ooze (D:1)
  A worm (D:2)
  2 dart slugs (D:1)
  An orc (D:3)
  2 giant cockroaches
  4 goblins
  4 hobgoblins
  A quokka (D:3)
  3 ball pythons (D:1)
  8 bats
  3 frilled lizards
  3 kobolds
  A rat (D:1)
36 creatures vanquished.

Notes
Turn   | Place    | Note
-------+----------+-------------------------------------------
     0 | D:1      | royokou the Draconian Fire Elementalist began the quest for the Orb.
     0 | D:1      | Reached XP level 1. HP: 14/14 MP: 3/3
   232 | D:1      | Reached XP level 2. HP: 20/20 MP: 3/5
   795 | D:1      | Reached XP level 3. HP: 26/26 MP: 4/6
   800 | D:1      | Learned a level 3 spell: Conjure Flame
  1100 | D:2      | Found a radiant altar of Vehumet.
  1101 | D:2      | Found an ornate altar of the Wu Jian Council.
  1101 | D:2      | Noticed Terence
  1429 | D:3      | Found a burning altar of Makhleb.
  1806 | D:3      | Killed from afar by an orc wizard

Vault maps used:
D:1:      lemuel_arrival_behind_the_door_small, minmay_misc_feat_columns
D:2:      cheibrodos_pilgrimage, nicolae_overflow_hidden_temple, uniq_terence
D:3:      overflow_temple_1_default, minmay_misc_feat_enclosed, uniq_jessica

Skill      XL: |  1  2 |
---------------+-------+-----
Conjurations   | 2 |  2.8
Dodging        | |  1.7
Stealth        | |  1.7
Spellcasting   | |  2.5
Fire Magic     | |  3.5

Action                   || total
-------------------------++-------
Melee: Club              ||     1
       Dagger            ||    95
       Tailslap          ||    10
 Cast: Flame Tongue      ||    54
       Conjure Flame     ||     2
  Eat: Ration            ||     1
Armor: Skin              ||    40
Dodge: Dodged            ||    93

Table legend:
 A = Spawn XP
 B = Non-spawn XP
 C = Spawn XP percentage of total XP
 D = Spawn monster count
 E = Non-spawn monster count
 F = Spawn count percentage of total count
 G = Total turns spent on level
                    A         B        C        D         E        F      G
               +---------+---------+-------+---------+---------+-------+---------
         Total |       0 |      95 |   0.0 |       0 |      36 |   0.0 |  1806
               +---------+---------+-------+---------+---------+-------+---------
           D:1 |       0 |      43 |   0.0 |       0 |      22 |   0.0 |  1005
           D:2 |       0 |       7 |   0.0 |       0 |       3 |   0.0 |   398
           D:3 |       0 |      45 |   0.0 |       0 |      11 |   0.0 |   403
               +---------+---------+-------+---------+---------+-------+---------
